 Dungeon Crawl Stone Soup version 0.31.0-32-g396128a36d (webtiles) character file.

Game seed: 14162495930258573915

1 aracne12 the Conjurer (level 1, 0/11 HPs)
             Began as an Octopode Conjurer on Apr 23, 2024.
             Slain by a jackal (2 damage)
             ... on level 1 of the Dungeon.
             The game lasted 00:00:34 (62 turns).

aracne12 the Conjurer (Octopode Conjurer)             Turns: 62, Time: 00:00:34

Health: 0/11       AC:  1    Str:  6    XL:     1   Next: 20%
Magic:  3/3        EV: 13    Int: 20    God:
Gold:   0          SH:  0    Dex: 10    Spells: 3/4 levels left

rFire   . . .        (no weapon)
rCold   . . .        (no shield)
rNeg    . . .        (helmet restricted)
rPois   .            (no amulet)
rElec   .            (no ring)
rCorr   .            (no ring)
SInv    .            (no ring)
Will    .....        (no ring)
Stlth   +++          (no ring)
HPRegen 0.21/turn    (no ring)
MPRegen 0.08/turn    (no ring)
                     (no ring)

%: no passive effects
@: no status effects
A: almost no armour, amphibious, 8 rings, camouflage 1, gelatinous body 1,
(nimble swimmer 1), tentacles
a: no special abilities


You were on level 1 of the Dungeon.
You visited 1 branch of the dungeon, and saw 1 of its levels.

Inventory:

Potions
 a - a potion of magic


   Skills:
 - Level 2.0 Dodging
 - Level 2.6 Stealth
 * Level 2.0 Spellcasting
 * Level 4.0 Conjurations


You had 3 spell levels left.
You knew the following spells:

 Your Spells              Type           Power      Damage    Failure   Level
a - Magic Dart            Conj           72%        1d6       3%          1

Your spell library contained the following spells:

 Spells                   Type           Power      Damage    Failure   Level
 Searing Ray              Conj           36%        2d5       4%          2
 Fulminant Prism          Conj/Alch      5%         3d7       56%         4
 Iskenderun's Mystic Bla  Conj/Tloc      10%        2d4       56%         4


Dungeon Overview and Level Annotations

Branches:
Dungeon (1/15)

Altars:


Innate Abilities, Weirdness & Mutations

You cannot wear most types of armour.
You are amphibious.
You can wear up to eight rings at the same time.
Your skin changes colour to match your surroundings (Stealth+).
Your rubbery body absorbs attacks. (AC +1, EV +1)
((You are camouflaged when in or above water. (Stealth+)))
You have tentacles for arms and can constrict up to eight enemies at once.


Message History

The jackal barely misses you. The jackal attacks as it pursues you!
The jackal barely misses you. The bat closely misses you.
The jackal closely misses you. The bat hits you but does no damage.
The bat barely misses you.
A giant cockroach comes into view.
The bat hits you.
A goblin comes into view. It is wielding a +0 dagger.
The jackal misses you. The jackal attacks as it pursues you!
The jackal bites you. The jackal completely misses you.
The jackal attacks as it pursues you! The jackal misses you.
The jackal misses you.
The jackal barks!
The jackal attacks as it pursues you! The jackal completely misses you.
Found 15 gold pieces.
The jackal barks!
An endoplasm comes into view.
The ball python attacks as it pursues you!
The ball python closely misses you. The ball python grabs you.
The ball python constricts you.
You escape the ball python's grasp.
The ball python attacks as it pursues you!
The ball python bites you. The ball python misses you.
The ball python attacks as it pursues you!
The ball python bites you. The ball python grabs you.
The ball python constricts you.
* * * LOW HITPOINT WARNING * * *
You escape the ball python's grasp.
Found a robe.
The ball python attacks as it pursues you!
The ball python barely misses you. The ball python grabs you.
The ball python constricts you.
* * * LOW HITPOINT WARNING * * *
The jackal attacks as it pursues you! The jackal bites you.
* * * LOW HITPOINT WARNING * * *
You see here 15 gold pieces.
You escape the ball python's grasp.
The jackal attacks as it pursues you! The jackal bites you.
You die...

#. #...#..#....... .. #
##.##..#....... .#
...#.#....#.#.... # ...
....#............
#.##.####.....#hS.###...
#.[.....#.....#.r.# ...
#.......#.....#...# .g.
........#.....#...####..
.......@..###h#S........
.#####..hSh.B.r........
.............###.#####
####.........# .#
#........J# .#
#.###.#.#..# .# #.
#.#.#..# #. #.###....
#.. ...##


You could see an endoplasm (asleep), a quokka, 2 jackals, a giant cockroach and
a ball python.

Vanquished Creatures
  A hobgoblin (D:1)
1 creature vanquished.

Notes
Turn   | Place    | Note
-------+----------+-------------------------------------------
     0 | D:1      | aracne12 the Octopode Conjurer began the quest for the Orb.
     0 | D:1      | Reached XP level 1. HP: 11/11 MP: 3/3
    62 | D:1      | Slain by a jackal

Illustrated notes

Levels and vault maps discovered:
D:1:      erik_arrival_blinker_ship, layout_basic

Action                     || total
---------------------------++-------
  Melee: Unarmed           ||     3
   Cast: Magic Dart        ||     3
 Armour: Skin              ||    12
  Dodge: Dodged            ||    29
